 Dungeon Sprint DCSS version 0.28-a0-697-g47f3eba078 (webtiles) character file.

Game seed: 11641960838315174816

46181 SmokeWeed the Warmonger (level 14, -8/144 HPs)
             Began as a Minotaur Gladiator on Oct 24, 2021.
             Was a High Priest of Okawaru.
             Mangled by a tengu reaver (13 damage)
             ... in the Dungeon (Sprint IX: "|||||||||||||||||||||||||||||").
             The game lasted 00:22:51 (3415 turns).

SmokeWeed the Warmonger (Minotaur Gladiator)        Turns: 3415, Time: 00:22:51

Health: -8/144     AC: 34    Str: 30    XL:     14   Next: 3%
Magic:  24/26      EV: 16    Int:  5    God:    Okawaru [*****.]
Gold:   1274       SH: 26    Dex: 12    Spells: 13/13 levels left

rFire   . . .      SeeInvis +   m - +6 scimitar (flame)
rCold   . . .      Faith    .   c - +1 tower shield
rNeg    . . .      Spirit   .   n - +8 plate armour
rPois   +          Reflect  +   d - +0 hat {SInv}
rElec   .          Harm     .   t - +1 cloak
rCorr   .          Rampage  .   z - +0 pair of gloves of the Prince of Darkness {rPois}
Will    ++...      NoTele   +   a - +0 pair of boots
Stlth   ..........              w - amulet of reflection
HPRegen 0.34/turn               x - ring of willpower
MPRegen 0.20/turn               y - +6 ring of strength

@: heroic, finesse-ful
A: horns 2, retaliatory headbutt
a: Renounce Religion, Heroism, Finesse


You were in the Dungeon.
You worshipped Okawaru.
Okawaru was extremely pleased with you.
You visited 1 branch You collected 1934 gold pieces.
You spent 660 gold pieces at shops.

Inventory:

Hand Weapons
 m - a +6 scimitar of flaming (weapon)
Missiles
 j - 3 curare-tipped darts
 u - 3 atropa-tipped darts
 v - 5 boomerangs
Armour
 a - a +0 pair of boots (worn)
 c - a +1 tower shield (worn)
 d - a +0 hat of see invisible (worn)
 n - a +8 plate armour (worn)
 q - a scarf of harm
 t - a +1 cloak (worn)
 z - the +0 pair of gloves of the Prince of Darkness (worn) {rPois}
   (You found it in the Dungeon)

   rPois:     It protects you from poison.
Jewellery
 o - a +2 ring of evasion
 p - a +3 ring of dexterity
 w - an amulet of reflection (around neck)
 x - a ring of willpower (left hand)
 y - a +6 ring of strength (right hand)
Wands
 l - a wand of acid (8) (quivered)
 r - a wand of mindburst (18)
Scrolls
 k - 2 scrolls of amnesia
 A - a scroll of fog
 B - a scroll of identify
Potions
 b - 2 potions of berserk rage
 e - 6 potions of curing
 g - 2 potions of haste
 h - 4 potions of magic
 i - a potion of might
 s - a potion of brilliance


   Skills:
 + Level 18.3(23.3) Fighting
 + Level 18.5(23.5) Long Blades
 + Level 11.5(16.5) Throwing
 + Level 15.4(20.4) Armour
 * Level 18.4(23.4) Dodging
 + Level 4.0(9.0) Stealth
 + Level 13.6(18.6) Shields
 + Level 0.4(5.4) Unarmed Combat
 + Level 19.3 Invocations
 * Level 4.9 Evocations


You had 13 spell levels left.
You didn't know any spells.
Your spell library was empty.

Dungeon Overview and Level Annotations

Branches:
Dungeon (1/1)

Altars:
Cheibriados
Dithmenos
Elyvilon
Fedhas
Gozag
Hepliaklqana
Kikubaaqudgha
Makhleb
Nemelex Xobeh
Okawaru
Qazlal
Ru
Sif Muna
Trog
Uskayaw
Vehumet
Wu Jian
Xom
Yredelemnul
Zin
The Shining One
Beogh
Jiyva
Lugonu

Shops:
D =:*=


Innate Abilities, Weirdness & Mutations

You have a pair of horns on your head.
You reflexively headbutt those who attack you in melee.


Message History

The tengu reaver points at you and mumbles some strange words.
The bolt of cold hits you!
You hit the tengu reaver. You burn the tengu reaver.
Your headbutt misses the tengu reaver.
The tengu reaver is moderately wounded.
You hit the tengu reaver. You burn the tengu reaver.
The tengu reaver is moderately wounded.
The tengu reaver blocks your attack.
The tengu reaver is moderately wounded.
You block the tengu reaver's attack. x2; The tengu reaver closely misses you.
Throw: 5 boomerangs
Press: ? - help, Q - select action, (/) - cycle Shift-Dir - straight line, f - tengu reaver
Aim: a tengu reaver, wielding a +0 long sword, wearing a +0 ring mail and wearing a +0 buckler (moderately wounded, 61% to hit)
You throw a boomerang. The boomerang hits the tengu reaver!
The tengu reaver is heavily wounded.
Items here: )))))) †.
The tengu reaver gestures at you while chanting.
The bolt of acid hits you!!!
* * * LOW HITPOINT WARNING * * *
Things that are here:
6 javelins; a very ugly thing corpse
Okay, then.
Aiming: Corrosive Bolt
Press: ? - help, Q - select action, (/) - cycle Shift-Dir - straight line, f - stone giant, p - tengu reaver
Aim: a stone giant, quivering large rocks (100% to hit)
The bolt of acid hits the tengu reaver!
The acid corrodes the tengu reaver!
The tengu reaver is severely wounded.
The bolt of acid hits the tengu warrior.
The tengu warrior is lightly wounded.
The bolt of acid hits the ettin!
The ettin is moderately wounded.
The bolt of acid hits the stone giant!!
The acid corrodes the stone giant!
The stone giant is moderately wounded.
The tengu reaver casts a spell at you. The bolt of poison hits you! You resist.
* * * LOW HITPOINT WARNING * * *
As you read the scroll of fog, it crumbles to dust.
The scroll dissolves into smoke.
The tengu reaver hits you with a +0 long sword!
You die...

▓▓▓▓▓▓▓▓▓▓▓▓▓▓▓▓▓▓▓▓▓▓▓▓▓▓▓
.............(§§@QQ§CC.(...
▓▓▓▓▓▓▓▓▓▓▓▓▓▓▓▓▓▓▓▓▓▓▓▓▓▓▓▓▓▓▓▓▓
........[........................
▓▓▓▓▓▓▓▓▓▓▓▓▓▓▓▓▓▓▓▓▓▓♣♣♣♣♣♣♣♣♣♣▓
............'.†.......).)......)(
▓▓▓▓▓▓▓▓▓▓▓▓▓▓▓▓▓▓▓▓▓▓♣♣♣♣♣♣♣♣♣♣▓
.................................
▓▓▓▓▓▓▓▓▓▓▓▓▓▓▓▓▓▓▓▓▓▓▓▓▓▓▓▓▓▓▓▓▓
......'===..)))))))).[[.[[[[[....


You could see a tengu reaver (corroded) and a tengu warrior.

Vanquished Creatures
  Agnes (D)
  2 ghost moths (D)
  3 very ugly things (D)
  A stone giant (D)
  An entropy weaver (D)
  Snorg (D)
  5 ettins (D)
  An eleionoma (D)
  3 fire dragons (D)
  A great orb of eyes (D)
  Josephine (D)
  A naga warrior (D)
  An anaconda (D)
  2 hydras (D)
  2 ice dragons (D)
  An ogre mage (D)
  An alligator (D)
  A merfolk aquamancer (D)
  A satyr (D)
  A tengu warrior (D)
  2 deep troll earth magi (D)
  3 orc high priests (D)
  A goliath frog (D)
  A spriggan druid (D)
  A sea snake (D)
  A swamp dragon (D)
  2 orb spiders (D)
  A will-o-the-wisp (D)
  3 ugly things (D)
  2 deep elf pyromancers (D)
  A wolf spider (D)
  8 orc knights (D)
  2 orc sorcerers (D)
  3 cyclopes (D)
  A manticore (D)
  2 guardian serpents (D)
  3 black mambas (D)
  3 cane toads (D)
  An efreet (D)
  A rime drake (D)
  Psyche (D)
  A yaktaur (D)
  A freezing wraith (D)
  4 komodo dragons (D)
  A polar bear (D)
  2 trolls (D)
  A hornet (D)
  3 snapping turtles (D)
  A redback (D)
  A spriggan (D)
  2 tarantellas (D)
  5 wraiths (D)
  A yak (D)
  A spriggan (shapeshifter) (D)
  Eustachio (D)
  A basilisk (D)
  2 vampire mosquitoes (D)
  5 wargs (D)
  3 nagas (D)
  2 acid dragons (D)
  2 water moccasins (D)
  A hell hound (D)
  9 orc warriors (D)
  An ogre (D)
  4 wolves (D)
  A bullfrog (D)
  A scorpion (D)
  2 howler monkeys (D)
  A hound (D)
  2 orc priests (D)
  6 orc wizards (D)
  A white imp (D)
  An adder zombie (D)
  10 orcs (D)
  A ball python (D)
  A bat (D)
  A goblin (D)
  2 rats (D)
159 creatures vanquished.

Vanquished Creatures (others)
  2 foxfires (D)
2 creatures vanquished.

Grand Total: 161 creatures vanquished

Notes
Turn   | Place    | Note
-------+----------+-------------------------------------------
     0 | D        | SmokeWeed the Minotaur Gladiator began the quest for the
                  | Orb.
     0 | D        | Reached XP level 1. HP: 18/18 MP: 0/0
    17 | D        | Noticed a scorpion
    17 | D        | Noticed a hound
    17 | D        | Noticed an ogre
    19 | D        | Killed a scorpion
    20 | D        | Reached XP level 2. HP: 37/37 MP: 1/1
    20 | D        | Reached XP level 3. HP: 42/42 MP: 2/2
    22 | D        | Reached skill level 10 in Fighting
    22 | D        | Reached XP level 4. HP: 52/52 MP: 3/3
    25 | D        | Killed an ogre
    26 | D        | Reached XP level 5. HP: 63/63 MP: 4/4
    39 | D        | Found a snail-covered altar of Cheibriados.
    39 | D        | Found a shadowy altar of Dithmenos.
    39 | D        | Found a white marble altar of Elyvilon.
    39 | D        | Found a blossoming altar of Fedhas.
    39 | D        | Found an opulent altar of Gozag.
    40 | D        | Found a hazy altar of Hepliaklqana.
    41 | D        | Found a viscous altar of Jiyva.
    42 | D        | Found an ancient bone altar of Kikubaaqudgha.
    43 | D        | Found a corrupted altar of Lugonu.
    44 | D        | Found a burning altar of Makhleb.
    45 | D        | Found a sparkling altar of Nemelex Xobeh.
    46 | D        | Found an iron altar of Okawaru.
    47 | D        | Found a stormy altar of Qazlal.
    48 | D        | Found a sacrificial altar of Ru.
    49 | D        | Found a shimmering blue altar of Sif Muna.
    50 | D        | Found a bloodstained altar of Trog.
    51 | D        | Found a hide-covered altar of Uskayaw.
    52 | D        | Found a radiant altar of Vehumet.
    53 | D        | Found an ornate altar of the Wu Jian Council.
    54 | D        | Became a worshipper of Warmaster Okawaru
    55 | D        | Found a shimmering altar of Xom.
    56 | D        | Found a basalt altar of Yredelemnul.
    57 | D        | Found a glowing silver altar of Zin.
    58 | D        | Found a glowing golden altar of the Shining One.
   105 | D        | Noticed a troll
   105 | D        | Noticed an acid dragon
   105 | D        | Noticed a troll
   105 | D        | Noticed a wraith
   111 | D        | Killed a troll
   111 | D        | Reached * piety under Okawaru
   112 | D        | Reached XP level 6. HP: 53/72 MP: 5/5
   115 | D        | Killed an acid dragon
   118 | D        | Reached XP level 7. HP: 59/79 MP: 6/6
   122 | D        | Killed a troll
   122 | D        | Reached ** piety under Okawaru
   128 | D        | Killed a wraith
   164 | D        | Noticed a vampire mosquito
   164 | D        | Noticed a white ugly thing
   164 | D        | Noticed a deep elf pyromancer
   167 | D        | Reached XP level 8. HP: 61/86 MP: 4/7
   178 | D        | Killed a white ugly thing
   178 | D        | Reached *** piety under Okawaru
   182 | D        | Killed a deep elf pyromancer
   182 | D        | Reached **** piety under Okawaru
   183 | D        | Reached XP level 9. HP: 49/93 MP: 5/8
   475 | D        | Noticed a cane toad
   475 | D        | Noticed a black mamba
   475 | D        | Noticed a komodo dragon
   477 | D        | Noticed a cane toad
   478 | D        | Killed a cane toad
   484 | D        | Killed a black mamba
   485 | D        | Reached skill level 15 in Dodging
   486 | D        | Killed a komodo dragon
   492 | D        | Noticed a komodo dragon
   498 | D        | Killed a cane toad
   498 | D        | Reached ***** piety under Okawaru
   499 | D        | Reached skill level 1 in Stealth
   507 | D        | Killed a komodo dragon
   519 | D        | Noticed a komodo dragon
   519 | D        | Noticed a komodo dragon
   519 | D        | Noticed a seven-headed hydra
   519 | D        | Noticed a polar bear
   519 | D        | Noticed a rime drake
   524 | D        | Reached XP level 10. HP: 46/101 MP: 6/9
   526 | D        | Noticed a cane toad
   527 | D        | Reached skill level 1 in Invocations
   537 | D        | Received a gift from Okawaru
   543 | D        | Killed a three-headed hydra
   554 | D        | Reached skill level 15 in Long Blades
   561 | D        | Killed a cane toad
   616 | D        | Reached skill level 3 in Invocations
   620 | D        | Reached skill level 4 in Invocations
   626 | D        | Reached skill level 5 in Invocations
   632 | D        | Reached skill level 6 in Invocations
   686 | D        | Noticed Eustachio
   699 | D        | Killed Eustachio
   700 | D        | Reached skill level 7 in Invocations
   773 | D        | Noticed an orc knight
   773 | D        | Noticed an orc knight
   782 | D        | Killed an orc knight
   783 | D        | Reached skill level 8 in Invocations
   790 | D        | Killed an orc knight
   791 | D        | Reached skill level 9 in Invocations
   791 | D        | Reached XP level 11. HP: 85/110 MP: 8/17
   853 | D        | Noticed an orc sorcerer
   855 | D        | Noticed an orc knight
   858 | D        | Killed an orc sorcerer
   859 | D        | Reached skill level 10 in Invocations
   865 | D        | Reached skill level 11 in Invocations
   865 | D        | Noticed an orc knight
   872 | D        | Killed an orc knight
   889 | D        | Killed an orc knight
   890 | D        | Reached skill level 12 in Invocations
   895 | D        | Received a gift from Okawaru
   952 | D        | Found Reluost's Jewellery Emporium.
   952 | D        | Noticed an orc sorcerer
   952 | D        | Noticed an orc high priest
   952 | D        | Noticed an orc knight
   952 | D        | Noticed an orc high priest
   953 | D        | Noticed an orc high priest
   956 | D        | Killed an orc sorcerer
   957 | D        | Reached skill level 13 in Invocations
   960 | D        | Noticed a sixfirhy
   960 | D        | Found Diutiom's Book Shoppe.
   966 | D        | Killed an orc high priest
   967 | D        | Reached skill level 14 in Invocations
   975 | D        | Killed an orc knight
   975 | D        | Received a gift from Okawaru
   976 | D        | Found Fuysk's General Store.
   981 | D        | Killed an orc high priest
   982 | D        | Reached skill level 15 in Invocations
  1439 | D        | Killed an orc high priest
  1514 | D        | Found Wuaseler's Jewellery Shoppe.
  1516 | D        | Noticed an orc knight
  1519 | D        | Noticed an orc knight
  1522 | D        | Noticed an orc knight
  1531 | D        | Killed an orc knight
  1538 | D        | Killed an orc knight
  1538 | D        | Received a gift from Okawaru
  1539 | D        | Reached skill level 16 in Invocations
  1551 | D        | Killed an orc knight
  1584 | D        | Bought an amulet of reflection for 360 gold pieces
  1584 | D        | Bought a ring of willpower for 300 gold pieces
  1880 | D        | Noticed Psyche
  1954 | D        | Killed Psyche
  2072 | D        | Got the +0 pair of gloves of the Prince of Darkness {rPois}
  2132 | D        | Noticed an ogre mage
  2132 | D        | Noticed a purple ugly thing
  2138 | D        | Killed an ogre mage
  2139 | D        | Reached skill level 10 in Armour
  2141 | D        | Reached skill level 17 in Invocations
  2144 | D        | Killed a purple ugly thing
  2145 | D        | Noticed a deep elf pyromancer
  2148 | D        | Noticed an ettin
  2150 | D        | Reached XP level 12. HP: 80/118 MP: 17/23
  2150 | D        | Noticed an ettin
  2157 | D        | Reached skill level 1 in Shields
  2161 | D        | Noticed a tengu warrior
  2164 | D        | Reached skill level 15 in Fighting
  2166 | D        | Noticed a fire dragon
  2169 | D        | Killed an ettin
  2171 | D        | Killed an ettin
  2172 | D        | Reached skill level 5 in Throwing
  2172 | D        | Noticed a stone giant
  2174 | D        | Noticed a purple very ugly thing
  2179 | D        | Killed a tengu warrior
  2192 | D        | Killed a fire dragon
  2192 | D        | Received a gift from Okawaru
  2200 | D        | Killed a stone giant
  2201 | D        | Reached skill level 18 in Invocations
  2208 | D        | Killed a purple very ugly thing
  2497 | D        | Noticed Agnes
  2503 | D        | Killed Agnes
  2564 | D        | Noticed a ghost moth
  2564 | D        | Noticed an entropy weaver
  2564 | D        | Noticed a ghost moth
  2574 | D        | Killed a ghost moth
  2575 | D        | Reached skill level 5 in Shields
  2583 | D        | Killed an entropy weaver
  2588 | D        | Killed a ghost moth
  2953 | D        | Noticed an eight-headed hydra
  2956 | D        | Noticed an alligator
  2960 | D        | Noticed an eleionoma
  2962 | D        | Reached XP level 13. HP: 130/130 MP: 18/25
  2970 | D        | Received a gift from Okawaru
  2982 | D        | Received a gift from Okawaru
  2983 | D        | Reached skill level 10 in Shields
  2985 | D        | Killed an eleionoma
  3155 | D        | Received a gift from Okawaru
  3206 | D        | Reached skill level 10 in Throwing
  3209 | D        | Reached skill level 19 in Invocations
  3230 | D        | Noticed Josephine
  3237 | D        | Killed Josephine
  3311 | D        | Noticed Snorg
  3322 | D        | Killed Snorg
  3323 | D        | Reached skill level 1 in Evocations
  3361 | D        | Noticed a cyan very ugly thing
  3361 | D        | Noticed an ettin
  3361 | D        | Noticed an ettin
  3362 | D        | Noticed a purple very ugly thing
  3365 | D        | Received a gift from Okawaru
  3366 | D        | Noticed a fire dragon
  3370 | D        | Killed a cyan very ugly thing
  3371 | D        | Reached skill level 15 in Armour
  3372 | D        | Noticed an ettin
  3373 | D        | Killed a purple very ugly thing
  3375 | D        | Killed an ettin
  3378 | D        | Killed an ettin
  3384 | D        | Killed a fire dragon
  3384 | D        | Received a gift from Okawaru
  3386 | D        | Killed an ettin
  3391 | D        | Noticed a fire dragon
  3392 | D        | Reached XP level 14. HP: 75/143 MP: 21/26
  3395 | D        | Noticed a tengu reaver
  3405 | D        | Noticed a stone giant
  3414 | D        | HP: 5/144 [tengu reaver/bolt of poison (10)]
  3415 | D        | Mangled by a tengu reaver

Illustrated notes

Levels and vault maps discovered:
D:        linesprint [early_d, line_temple, items_1, d_10, items_2, lair_1,
          lair_end, items_3, orc_1, orc_end, items_4, d_15, swamp_1, shoals_1,
          snake_1, spider_1, d_20, vaults_1, items_5, swamp_end, shoals_end,
          snake_end, spider_end, vaults_end, d_27, items_6, zot_1, zot_end,
          crypt_end, forest_end, elf_end, slime_end, tomb_end, abyss_end,
          pan_hell_end]

Skill      XL: |  1  2  3  4  5  6  7  8  9 10 11 12 13 |
---------------+----------------------------------------+-----
Long Blades    | 4 11 12 13 15 17 18 | 18.5
Fighting       | 9 10 12 13 14 16 18 | 18.3
Armour         | 2 8 9 10 12 15 | 15.4
Dodging        | 7 13 16 17 18 | 18.4
Stealth        | 2 3 4 |  4.0
Throwing       | 3 4 7 11 | 11.5
Invocations    | 9 17 18 19 | 19.3
Shields        | 8 13 | 13.6
Evocations     | 4 |  4.9
Unarmed Combat | |  0.4

Action                   |  1- 3 |  4- 6 |  7- 9 | 10-12 | 13-15 || total
-------------------------+-------+-------+-------+-------+-------++-------
Melee: Long sword        |    10 |     7 |       |       |       ||    17
       Headbutt          |       |     4 |    18 |    73 |    14 ||   109
       Scimitar          |       |    12 |    60 |   287 |    89 ||   448
       Punch             |       |       |       |     7 |       ||     7
       Unarmed           |       |       |       |     1 |       ||     1
Throw: Throwing net      |       |       |       |     3 |       ||     3
       Boomerang         |       |       |       |    31 |     3 ||    34
       Dart              |       |       |       |     6 |     1 ||     7
       Javelin           |       |       |       |       |    15 ||    15
Invok: Heroism           |       |       |     4 |    16 |     2 ||    22
       Finesse           |       |       |       |     6 |     2 ||     8
Evoke: Wand              |       |       |       |     1 |     1 ||     2
  Use: Potion            |     1 |     1 |       |     8 |       ||    10
       Scroll            |       |       |    10 |     4 |     1 ||    15
 Stab: Invisible         |       |     4 |     1 |       |       ||     5
       Held in net/web   |       |       |       |     1 |       ||     1
Armor: Leather armour    |     1 |       |       |       |       ||     1
       Plate armour      |       |     4 |    19 |    71 |    22 ||   116
Dodge: Dodged            |    10 |     9 |    28 |   107 |    21 ||   175
Block: Tower shield      |       |       |       |   110 |    55 ||   165
       Reflection        |       |       |       |     1 |     1 ||     2

Table legend: (Time is in decaauts)
 A = Elapsed time spent in this place.
 B = Non-inter-level travel time spent in this place.
 C = Inter-level travel time spent in this place.
 D = Time resting spent in this place.
 E = Time spent auto-exploring this place.
 F = Levels seen in this place.
 G = Mean time per level.
                   A        B        C        D        E       F      G
               +--------+--------+--------+--------+--------+-----+--------+
         Total |   3178 |   3178 |      0 |   1392 |      0 |   1 | 3178.0 |
       Dungeon |   3178 |   3178 |      0 |   1392 |      0 |   1 | 3178.0 |
               +--------+--------+--------+--------+--------+-----+--------+

Top non-repeatable levels by time:
       D: 3178 daAuts
